Map: [G8] Royal Blood

Players

Maru - Winner!

  • Race: Terran Terran
  • Spawn Location: 1:00

Clem

  • Race: Terran Terran
  • Spawn Location: 7:00

Event: Gamers8 2023

VOD

Have the link to the VOD?

Description

Time

  • Played on: Aug. 5, 2023, 10:29 a.m.
  • Length: 9:56

All games in this series

Show
View Real Time Build Order
Export as new Build Order

Maru Terran - Winner!

Build Orders:  

Get SALT Encoding   

  12  0:00  SCV  
  13  0:12  SCV  
  14  0:17  Supply Depot  
  14  0:24  SCV  
  15  0:38  SCV  
  15  0:40  Barracks  
  15  0:42  Refinery  
  16  0:50  SCV  
  16  0:52  Refinery  
  17  1:03  SCV  
  18  1:15  SCV  
  19  1:27  Orbital Command, Reaper  
  19  1:32  Supply Depot  
  20  1:41  Factory  
  20  1:53  SCV  
  21  1:59  Barracks Reactor  
  21  2:05  SCV  
  22  2:17  SCV  
  22  2:20  Command Center  
  23  2:26  Hellion  
  25  2:35  SCV  
  25  2:37  Reaper x2  
  28  2:39  Supply Depot  
  28  2:47  Factory Tech Lab  
  28  2:48  SCV  
  29  3:00  SCV  
  29  3:08  Marine  
  29  3:09  Marine, Cyclone  
  29  3:12  SCV  
  35  3:24  SCV  
  35  3:26  Starport, Marine x2  
  38  3:30  Supply Depot  
  37  3:36  SCV  
  38  3:47  Cyclone  
  39  3:49  SCV  
  39  3:53  Marine x2  
  37  4:01  SCV  
  34  4:04  Medivac  
  34  4:11  Marine x2  
  34  4:13  SCV  
  37  4:22  Siege Tank  
  40  4:25  Orbital Command  
  40  4:26  SCV  
  40  4:28  Refinery  
  40  4:30  Marine  
  42  4:35  Starport Tech Lab  
  42  4:39  SCV  
  43  4:49  Marine x2  
  45  4:55  Raven, SCV  
  45  4:57  SCV  
  49  5:07  SCV  
  49  5:09  SCV  
  49  5:13  Command Center  
  51  5:20  SCV  
  50  5:21  SCV  
  50  5:25  Siege Tank  
  52  5:29  Supply Depot  
  52  5:31  Raven  
  52  5:32  SCV  
  52  5:33  SCV  
  56  5:42  Refinery  
  56  5:44  SCV  
  56  5:46  SCV  
  58  5:56  SCV  
  59  5:57  Siege Tank, Barracks x2  
  59  5:58  SCV  
  63  6:08  SCV  
  64  6:13  Marine, Stimpack  
  64  6:14  SCV  
  64  6:16  Supply Depot  
  66  6:20  Viking, SCV  
  66  6:24  Viking  
  71  6:27  Orbital Command  
  71  6:29  SCV  
  71  6:32  SCV  
  73  6:34  Siege Tank  
  76  6:44  SCV x2  
  76  6:46  Barracks Reactor, Engineering Bay  
  76  6:47  Barracks Reactor, Engineering Bay  
  77  6:54  Viking  
  79  6:55  SCV  
  79  6:56  SCV  
  79  6:59  Viking  
  83  7:05  Marine  
  83  7:06  Supply Depot  
  83  7:08  Siege Tank  
  87  7:20  Orbital Command  
  81  7:22  Terran Infantry Weapons Level 1  
  81  7:23  Marine, Terran Infantry Armor Level 1  
  81  7:24  Marine x4  
  81  7:27  SCV  
  81  7:29  Supply Depot  
  87  7:33  SCV  
  88  7:38  Viking x2  
  88  7:39  SCV  
  88  7:41  Marine x2  
  95  7:45  SCV  
  95  7:47  Siege Tank  
  95  7:49  SCV  
  100  7:51  Marine, SCV  
  100  7:52  Marine  
  100  7:57  SCV  
  100  7:58  Supply Depot  
  104  8:02  Marine x2  
  104  8:03  SCV  
  107  8:06  Marine  
  107  8:09  SCV  
  109  8:16  Marine, SCV  
  109  8:19  Marine  
  110  8:20  Marine, Orbital Command  
  110  8:21  SCV  
  110  8:22  Supply Depot  
  110  8:24  Marine  
  111  8:28  Medivac x2  
  111  8:29  SCV  
  111  8:33  Barracks Tech Lab  
  111  8:34  Marine  
  111  8:35  SCV  
  111  8:37  Marine  
  111  8:38  Marine  
  111  8:41  Siege Tank, SCV  
  111  8:42  Marine  
  111  8:47  SCV  
  114  8:49  SCV  
  114  8:51  Marine  
  114  8:53  SCV  
  114  8:55  Marine x2  
  118  8:59  SCV  
  118  9:00  Marine x2  
  118  9:02  SCV  
  123  9:06  SCV, Armory, Supply Depot x2  
  124  9:15  Barracks  
  124  9:16  Barracks  
  122  9:25  Marine x3  
  122  9:29  Marine x2  
  123  9:40  SCV x2  
  123  9:43  SCV  
Show
View Real Time Build Order
Export as new Build Order

Clem Terran 

Build Orders:  

Get SALT Encoding   

  12  0:00  SCV  
  13  0:12  SCV  
  14  0:16  Supply Depot  
  14  0:24  SCV  
  15  0:38  SCV  
  15  0:40  Barracks  
  16  0:42  Refinery  
  16  0:50  SCV  
  16  0:52  Refinery  
  17  1:02  SCV  
  18  1:14  SCV  
  19  1:26  Barracks Reactor  
  19  1:27  Orbital Command  
  19  1:28  Supply Depot  
  19  1:39  Factory  
  19  1:52  SCV  
  20  2:03  Reaper x2  
  20  2:04  SCV  
  23  2:16  SCV  
  26  2:23  Hellion  
  27  2:33  Command Center  
  27  2:35  Reaper  
  27  2:37  Reaper  
  27  2:42  Supply Depot  
  28  2:48  Hellion  
  28  2:50  SCV  
  31  3:01  Starport  
  31  3:04  SCV  
  32  3:10  Hellion  
  34  3:14  Reaper  
  34  3:16  Reaper  
  34  3:18  SCV  
  37  3:23  Supply Depot  
  37  3:30  SCV  
  38  3:36  Factory Tech Lab  
  38  3:37  Starport Tech Lab  
  37  3:43  SCV  
  37  3:45  Refinery  
  37  3:46  Marine  
  37  3:48  Marine  
  36  3:50  SCV  
  33  3:57  SCV  
  32  4:02  Orbital Command  
  32  4:06  Marine  
  32  4:09  SCV  
  32  4:11  Raven  
  34  4:21  SCV  
  34  4:22  Cyclone  
  38  4:25  Marine  
  38  4:28  Marine  
  38  4:29  SCV  
  41  4:33  SCV  
  42  4:41  SCV  
  42  4:45  Marine, Raven, SCV  
  46  4:46  Marine  
  48  4:53  SCV  
  48  4:57  SCV  
  50  5:02  Siege Tank  
  50  5:04  Marine x2  
  50  5:06  SCV  
  54  5:10  SCV  
  53  5:18  SCV  
  50  5:22  Marine, SCV  
  50  5:23  Raven  
  50  5:24  Command Center  
  54  5:30  Marine, SCV  
  54  5:31  Supply Depot  
  54  5:34  SCV  
  57  5:38  Siege Tank  
  57  5:42  SCV  
  61  5:44  Marine  
  61  5:49  Supply Depot  
  62  5:52  SCV  
  62  5:54  SCV  
  64  6:04  Barracks, SCV  
  64  6:06  SCV  
  64  6:08  Barracks  
  64  6:09  Viking x2  
  70  6:18  Siege Tank, Marine  
  74  6:19  SCV x2  
  74  6:23  Supply Depot  
  76  6:26  Refinery  
  76  6:31  Stimpack  
  77  6:32  SCV  
  77  6:33  Supply Depot  
  77  6:34  SCV  
  77  6:39  Orbital Command  
  78  6:44  Viking  
  78  6:46  SCV  
  82  6:47  SCV  
  82  6:51  Viking  
  84  6:57  Marine  
  84  6:58  Marine, SCV, Supply Depot  
  84  6:59  Marine  
  88  7:04  SCV  
  88  7:07  Siege Tank  
  93  7:08  Orbital Command  
  93  7:12  Supply Depot  
  93  7:13  SCV  
  93  7:15  Marine  
  94  7:17  Marine  
  94  7:18  Marine  
  94  7:19  SCV  
  97  7:25  Viking x2  
  97  7:26  SCV  
  102  7:30  Supply Depot  
  102  7:33  Marine  
  102  7:34  SCV  
  102  7:35  SCV  
  105  7:37  Barracks Reactor  
  105  7:39  Supply Depot  
  105  7:43  Siege Tank  
  107  7:44  SCV  
  107  7:46  Marine  
  107  7:47  SCV, Supply Depot  
  110  7:51  Barracks Reactor  
  110  7:52  SCV  
  110  7:55  Supply Depot  
  110  7:57  SCV, Engineering Bay  
  110  7:59  Engineering Bay  
  110  8:00  Viking  
  110  8:04  Viking  
  114  8:08  SCV  
  114  8:10  Marine  
  116  8:15  Marine, SCV  
  116  8:17  Marine  
  116  8:18  SCV  
  120  8:24  SCV  
  117  8:27  Siege Tank, Marine  
  117  8:33  Marine, SCV  
  121  8:34  Barracks, Marine  
  121  8:35  Barracks, SCV  
  121  8:36  Supply Depot  
  121  8:40  Medivac x2  
  116  8:43  Refinery x2  
  116  8:45  SCV  
  116  8:47  Marine  
  118  8:50  Marine  
  118  8:52  Marine x2  
  118  8:53  Marine, SCV  
  123  8:56  SCV  
  123  9:00  SCV  
  125  9:05  Marine, SCV  
  125  9:08  Marine  
  125  9:09  Sensor Tower  
  129  9:10  Marine  
  130  9:17  Siege Tank, SCV  
  130  9:20  Command Center  
  133  9:24  Barracks Reactor  
  133  9:26  Barracks Reactor, Marine  
  133  9:27  Missile Turret  
  133  9:28  Marine, Missile Turret  
  133  9:29  Marine, Orbital Command x2  
  122  9:34  Marine  
  122  9:38  Marine  
  125  9:41  SCV  
Tags
 
Add a new tag
Caveats
  • Supply blocks, unpowered buildings, or Contaminate may cause inaccurate times.
  • Supply counts are checked every 10 seconds.